 Dungeon Crawl Stone Soup version 0.22-a0-240-g539252a (webtiles) character file.

10882 tidbits the Martial Artist (level 11, -6/84 HPs)
             Began as a Gnoll Transmuter on Feb 21, 2018.
             Was an Elder of Cheibriados.
             Mangled by an orc knight
             ... wielding a +3 battleaxe
              (20 damage)
             ... on level 2 of the Orcish Mines.
             The game lasted 00:49:45 (4152 turns).

tidbits the Martial Artist (Gnoll Transmuter)       Turns: 4152, Time: 00:49:46

Health: -6/84      AC:  8    Str: 22    XL:     11   Next: 69%
Magic:  12/23      EV: 19    Int: 29    God:    Cheibriados [****..]
Gold:   145        SH:  0    Dex: 23    Spells: 8/26 levels left

rFire    + . .     SeeInvis .     - Unarmed
rCold    . . .     Gourm    .   (shield currently unavailable)
rNeg     . . .     Faith    .   B - +0 troll leather armour
rPois    +         Spirit   .   E - +0 helmet
rElec    .         Reflect  .   (no cloak)
rCorr    .         Harm     .   (gloves currently unavailable)
MR       .....                  (no boots)
Stlth    ++++......             (no amulet)
HPRegen  0.64/turn              P - ring of poison resistance
MPRegen  0.18/turn              H - -3 ring of dexterity (curse)

@: blade hands, drained, very slow
A: distributed training, fangs 1, icy blue scales 1, fire resistance 1,
evolution 1, strong nose
a: End Transformation, Bend Time, Temporal Distortion, Slouch, Renounce Religion


You were on level 2 of the Orcish Mines.
You worshipped Cheibriados.
Cheibriados was greatly pleased with you.
You were not hungry.
You had blades for hands.
You visited 3 branches of the dungeon, and saw 15 of its levels.
You also visited: Sewer.

You collected 757 gold pieces.
You spent 612 gold pieces at shops.

Inventory:

Hand Weapons
 i - a +0 dagger (melded)
 o - a +0 blowgun
 r - a +0 blowgun
 x - a +0 great sword
 A - a +3 hunting sling
 M - a +2 trident of freezing
   (You took it off a gnoll sergeant on level 11 of the Dungeon)
 N - a +0 hand crossbow
 Q - a +1 trident of protection
   (You took it off a gnoll sergeant on level 11 of the Dungeon)
 R - a +0 war axe
 V - a +2 dire flail of protection
   (You took it off an orc warrior on level 2 of the Orcish Mines)
Missiles
 a - 24 arrows
 p - 34 poisoned needles
 y - 14 stones
 F - 25 tomahawks (quivered)
 K - 3 silver tomahawks
 S - 13 bolts
 W - 2 poisoned tomahawks
Armour
 e - a +1 robe of magic resistance
   (You took it off Nergalle on level 1 of the Orcish Mines)
 f - a +0 leather armour of positive energy
   (You took it off an orc on level 2 of the Orcish Mines)
 g - a +1 hat
 j - a +0 leather armour of magic resistance
   (You took it off an orc on level 2 of the Orcish Mines)
 k - a +1 scale mail of fire resistance
   (You took it off a gnoll sergeant on level 11 of the Dungeon)
 v - a +2 scale mail of poison resistance
   (You took it off an orc priest on level 3 of the Dungeon)
 B - a +0 troll leather armour (worn)
 E - a +0 helmet (worn)
 G - a +0 pair of gloves (melded)
 I - a +2 ring mail of magic resistance
   (You took it off an orc on level 10 of the Dungeon)
 O - a +0 shield
 T - a +3 leather armour
 U - a cursed -2 leather armour
Jewellery
 H - a cursed -3 ring of dexterity (right scythe-like blade)
   (You found it on level 11 of the Dungeon)
 L - a +3 ring of strength {unknown}
   (You found it on level 12 of the Dungeon)
 P - a ring of poison resistance (left scythe-like blade)
   (You found it on level 8 of the Dungeon)
Wands
 d - a wand of digging (8)
 C - a wand of enslavement (6)
 J - a wand of flame (26)
Scrolls
 b - a scroll of fear
 h - 5 scrolls of teleportation
 l - 2 scrolls of amnesia
 q - 3 scrolls of enchant weapon
 D - a scroll of fog
Potions
 m - 6 potions of curing
 n - a potion of brilliance
 s - 6 potions of heal wounds
 t - 2 potions of flight
 u - 2 potions of degeneration
 w - a potion of cancellation
 z - a potion of resistance
Comestibles
 c - 12 rations


   Skills:
 + Level 7.0(6.8) Fighting
 + Level 6.4(6.3) Short Blades
 + Level 6.4(6.3) Long Blades
 + Level 6.4(6.3) Axes
 + Level 6.4(6.3) Maces & Flails
 + Level 6.4(6.3) Polearms
 + Level 6.4(6.3) Staves
 + Level 6.4(6.3) Slings
 + Level 6.4(6.3) Bows
 + Level 6.4(6.3) Crossbows
 + Level 6.4(6.3) Throwing
 + Level 6.4(6.3) Armour
 + Level 8.0(7.8) Dodging
 + Level 6.4(6.3) Stealth
 + Level 6.4(6.3) Shields
 + Level 9.2(9.1) Unarmed Combat
 + Level 8.2(8.1) Spellcasting
 + Level 5.3(5.2) Conjurations
 + Level 5.3(5.2) Hexes
 + Level 5.3(5.2) Charms
 + Level 5.3(5.2) Summonings
 + Level 5.3(5.2) Necromancy
 + Level 5.3(5.2) Translocations
 + Level 6.6(6.5) Transmutations
 + Level 5.3(5.2) Fire Magic
 + Level 5.3(5.2) Ice Magic
 + Level 5.3(5.2) Air Magic
 + Level 5.3(5.2) Earth Magic
 + Level 5.3(5.2) Poison Magic
 + Level 7.0(6.9) Invocations
 + Level 6.4(6.3) Evocations


You had 8 spell levels left.
You knew the following spells:

 Your Spells              Type           Power        Failure   Level  Hunger
c - Confuse               Hex            #####...     21%         3    None
e - Beastly Appendage     Tmut           #####.       11%         1    None
h - Blade Hands           Tmut           #####.....   45%         5    ####...
i - Ice Form              Ice/Tmut       #####...     32%         4    #......
k - Sticks to Snakes      Tmut           #####...     12%         2    None
p - Spider Form           Tmut/Pois      #####.....   17%         3    None


Dungeon Overview and Level Annotations

Branches:
Dungeon (12/15)            Temple (1/1) D:6            Lair (0/6) D:8
    Orc (2/2) D:11
    Elf: Orc:2

Altars:
Cheibriados
Dithmenos
Gozag
Hepliaklqana
Kikubaaqudgha
Makhleb
Nemelex Xobeh
Okawaru
Qazlal
Sif Muna
Wu Jian
Xom
The Shining One

Shops:
Orc:1 *   Orc:2 *

Annotations:
D:9 exclusion: upstairs
D:12 exclusion: ugly thing


Innate Abilities, Weirdness & Mutations

Your experience applies equally to all skills.
You have very sharp teeth.
Your uncanny sense of smell can sniff out nearby items.
You are partially covered in icy blue scales. (AC +2)
Your flesh is heat resistant. (rF+)
You evolve.


Message History

Aiming: Enslavement
Press: ? - help, Shift-Dir - straight line, f/p - ettin
Aim: an ettin, wielding a dire flail and a great mace (chance to defeat MR: 47%)
The ettin resists with some effort.
Evoke which item? (* to show all) (? for menu, Esc to quit)
Aiming: Enslavement
Press: ? - help, Shift-Dir - straight line, f/p - ettin
Aim: an ettin, wielding a dire flail and a great mace (chance to defeat MR: 47%)
The ettin is charmed.
The orc wizard hits your ettin but does no damage.
What are your orders? t - Bark!
Orders for allies: a - Attack new target. p - Attack previous target. r - Retreat! s - Stop attacking. g - Guard the area. f - Follow me.
Anything else - Cancel.
Gang up on whom?
Press: ? - help, Dir - move target cursor, f - orc wizard, p - ettin
Aim: an orc wizard, wielding a dagger and wearing a robe (fast) Attack!
The orc wizard hits your ettin with a dagger.
Your ettin misses the orc wizard.
Your ettin hits the orc wizard with a great mace!!!
The orc wizard dies!
Cheibriados thoroughly appreciates the change of pace.
The orc priest looks satisfied for a moment.
What are your orders? t - Bark!
Orders for allies: a - Attack new target. r - Retreat! s - Stop attacking. g - Guard the area. f - Follow me.
Anything else - Cancel.
Gang up on whom?
Press: ? - help, Dir - move target cursor, f - orc wizard
Aim: an orc wizard, wielding a dagger and wearing a robe (moderately wounded) Attack!
The orc wizard hits your ettin but does no damage.
Your ettin hits the orc wizard with a dire flail!!!
The orc wizard dies!
Cheibriados appreciates the change of pace.
What are your orders? t - Bark!
Orders for allies: a - Attack new target. r - Retreat! s - Stop attacking. g - Guard the area. f - Follow me.
Anything else - Cancel.
Gang up on whom?
Press: ? - help, Dir - move target cursor, f - orc warrior
Aim: an orc warrior, wielding a trident of venom and wearing a plate armour Attack!
The orc warrior misses you.
Your ettin hits the orc warrior with a dire flail!!
The orc warrior dies!
Cheibriados appreciates the change of pace.
The orc priest misses you.
Your ettin hits the orc priest with a dire flail!!!
The orc priest dies!
Cheibriados appreciates the change of pace.
Things that are here:
a dagger x2; a robe
There is an open door, spattered with blood here.
Items here: )) [[ a dagger; a robe; a dagger; a robe You open the door.
There is an open door here.
As you open the door, it creaks loudly!
An orc warrior and an orc knight come into view.
The orc warrior is wielding a dire flail of crushing.
The orc warrior shouts!
The orc knight shouts!
Found Koihe's General Store.
The orc warrior hits your ettin with a dire flail of crushing!!
Your ettin barely misses the orc warrior.
Your ettin hits the orc warrior with a great mace!
Casting: Blade Hands (slightly dangerous; 10% risk of failure)
Confirm with . or Enter, or press ? or * to list all spells.
Your hands turn into razor-sharp scythe blades.
Your +0 dagger melds into your body.
Your +0 pair of gloves melds into your body.
The orc warrior hits your ettin with a dire flail of crushing!
The orc knight roars a battlecry!
The orc warrior goes into a battle-frenzy!
Your ettin hits the orc warrior with a dire flail!
Your ettin hits the orc warrior with a great mace!!!
The orc warrior dies!
Cheibriados appreciates the change of pace.
What are your orders? t - Bark!
Orders for allies: a - Attack new target. r - Retreat! s - Stop attacking. g - Guard the area. f - Follow me.
Anything else - Cancel.
Gang up on whom?
Press: ? - help, Dir - move target cursor, f - orc knight
Aim: an orc knight, wielding an enchanted battleaxe and wearing a plate armour Attack!
The ettin is no longer charmed.
You slice the orc knight!!
The orc knight is heavily wounded.
The ettin hits you with a dire flail!!! The ettin hits you with a great mace!!
* * * LOW HITPOINT WARNING * * *
The orc knight hits you with an enchanted battleaxe!!
You die...

##### #..∩# #...# #
...#.# ##+###o##.#
+....@C...+ ####
#######'###
#...###..#.....#
###.......#.....#
#........))..⌠..#
#.$......)#.....#
P.........#.....#
..........#######
####
................##...


You could see an orc knight and an ettin.

Vanquished Creatures
  2 two-headed ogres
  Nergalle (Orc:1)
  An unseen horror (D:11)
  An ugly thing (D:11)
  A komodo dragon (D:11)
  2 trolls
  A hippogriff (D:8)
  A spriggan (D:8)
  4 yaks (D:9)
  4 vampire mosquitoes (D:12)
  A black bear (D:10)
  11 orc warriors
  A phantom (D:4)
  9 ogres
  A centaur (D:5)
  8 big kobolds
  5 bullfrogs
  5 gnoll sergeants (D:11)
  A scorpion (D:8)
  A howler monkey (D:9)
  A bullfrog zombie (D:12)
  4 centaur zombies
  3 crimson imps
  7 orc priests
  2 jellies
  A gnoll shaman (Orc:1)
  7 hounds
  4 iguanas
  4 worker ants
  A bullfrog skeleton (D:5)
  6 orc wizards
  A hound skeleton (D:4)
  5 gnolls
  5 adders
  6 river rats (Sewer)
  A shadow imp (D:11)
  An ooze (Sewer)
  2 adder skeletons
  An adder zombie (D:7)
  A worm (D:3)
  3 dart slugs
  4 leopard geckos
  71 orcs
  2 bats (D:3)
  2 giant cockroaches
  3 goblins
  6 hobgoblins
  19 jackals
  5 quokkas
  6 ball pythons (Sewer)
  A frilled lizard (D:3)
  A jackal skeleton (D:3)
  17 kobolds
  A quokka skeleton (D:5)
  17 rats
282 creatures vanquished.

Vanquished Creatures (collateral kills)
  An orc sorcerer (Orc:1)
  2 orc warriors (Orc:2)
  An ogre (Orc:1)
  An orc priest (Orc:2)
  2 orc wizards (Orc:2)
  An iguana (D:9)
  A killer bee zombie (D:7)
  An adder (D:5)
  A river rat (Sewer)
  8 orcs
  3 kobolds (Sewer)
  A quokka (D:4)
  3 rats (Sewer)
26 creatures vanquished.

Vanquished Creatures (others)
  An orc knight (Orc:1)
  An orc wizard (Orc:2)
2 creatures vanquished.

Grand Total: 310 creatures vanquished

Notes
Turn   | Place    | Note
-------+----------+-------------------------------------------
     0 | D:1      | tidbits the Gnoll Transmuter began the quest for the Orb.
     0 | D:1      | Reached XP level 1. HP: 17/17 MP: 6/6
   102 | D:2      | Reached XP level 2. HP: 4/23 MP: 7/7
   107 | D:2      | HP: 2/23 [poisoned by an adder]
   136 | D:2      | Learned a level 2 spell: Sticks to Snakes
   194 | D:3      | Reached XP level 3. HP: 8/28 MP: 9/9
   200 | D:3      | Reached skill level 5 in Spellcasting
   200 | D:3      | Reached skill level 1 in Invocations
   206 | D:3      | Learned a level 3 spell: Spider Form
   227 | D:3      | Reached skill level 1 in Short Blades
   227 | D:3      | Reached skill level 1 in Long Blades
   227 | D:3      | Reached skill level 1 in Axes
   227 | D:3      | Reached skill level 1 in Maces & Flails
   227 | D:3      | Reached skill level 1 in Polearms
   227 | D:3      | Reached skill level 1 in Staves
   227 | D:3      | Reached skill level 1 in Slings
   227 | D:3      | Reached skill level 1 in Bows
   227 | D:3      | Reached skill level 1 in Crossbows
   227 | D:3      | Reached skill level 1 in Throwing
   227 | D:3      | Reached skill level 1 in Armour
   227 | D:3      | Reached skill level 1 in Stealth
   227 | D:3      | Reached skill level 1 in Shields
   227 | D:3      | Reached skill level 1 in Evocations
   240 | D:4      | Reached XP level 4. HP: 8/34 MP: 9/11
   405 | D:3      | Reached skill level 1 in Conjurations
   405 | D:3      | Reached skill level 1 in Hexes
   405 | D:3      | Reached skill level 1 in Charms
   405 | D:3      | Reached skill level 1 in Summonings
   405 | D:3      | Reached skill level 1 in Necromancy
   405 | D:3      | Reached skill level 1 in Translocations
   405 | D:3      | Reached skill level 1 in Fire Magic
   405 | D:3      | Reached skill level 1 in Ice Magic
   405 | D:3      | Reached skill level 1 in Air Magic
   405 | D:3      | Reached skill level 1 in Earth Magic
   405 | D:3      | Reached skill level 1 in Poison Magic
   506 | D:4      | Noticed a phantom
   535 | D:3      | Found a glowing drain.
   574 | Sewer    | Entered a sewer
   602 | Sewer    | Noticed a big kobold
   614 | Sewer    | Killed a big kobold
   614 | Sewer    | Reached skill level 3 in Fighting
   614 | Sewer    | Reached skill level 4 in Transmutations
   614 | Sewer    | Reached XP level 5. HP: 23/41 MP: 0/12
   677 | Sewer    | Reached XP level 6. HP: 25/47 MP: 2/13
   700 | Sewer    | Reached skill level 2 in Invocations
   719 | Sewer    | Reached skill level 5 in Dodging
   777 | Sewer    | Reached skill level 2 in Short Blades
   777 | Sewer    | Reached skill level 2 in Long Blades
   777 | Sewer    | Reached skill level 2 in Axes
   777 | Sewer    | Reached skill level 2 in Maces & Flails
   777 | Sewer    | Reached skill level 2 in Polearms
   777 | Sewer    | Reached skill level 2 in Staves
   777 | Sewer    | Reached skill level 2 in Slings
   777 | Sewer    | Reached skill level 2 in Bows
   777 | Sewer    | Reached skill level 2 in Crossbows
   777 | Sewer    | Reached skill level 2 in Throwing
   777 | Sewer    | Reached skill level 2 in Armour
   777 | Sewer    | Reached skill level 2 in Stealth
   777 | Sewer    | Reached skill level 2 in Shields
   777 | Sewer    | Reached skill level 2 in Evocations
   883 | Sewer    | Reached XP level 7. HP: 20/52 MP: 8/15
   980 | D:3      | Learned a level 4 spell: Ice Form
   988 | D:3      | Reached skill level 7 in Unarmed Combat
  1066 | D:5      | Entered Level 5 of the Dungeon
  1101 | D:5      | Reached skill level 2 in Conjurations
  1101 | D:5      | Reached skill level 2 in Hexes
  1101 | D:5      | Reached skill level 2 in Charms
  1101 | D:5      | Reached skill level 2 in Summonings
  1101 | D:5      | Reached skill level 2 in Necromancy
  1101 | D:5      | Reached skill level 2 in Translocations
  1101 | D:5      | Reached skill level 2 in Fire Magic
  1101 | D:5      | Reached skill level 2 in Ice Magic
  1101 | D:5      | Reached skill level 2 in Air Magic
  1101 | D:5      | Reached skill level 2 in Earth Magic
  1101 | D:5      | Reached skill level 2 in Poison Magic
  1115 | D:5      | Found a deep blue altar of Sif Muna.
  1271 | D:4      | Reached skill level 3 in Invocations
  1316 | D:5      | Found an iron altar of Okawaru.
  1356 | D:5      | Found an ornate altar of the Wu Jian Council.
  1381 | D:5      | Gained mutation: You evolve. [potion of mutation]
  1381 | D:5      | Gained mutation: You are partially covered in icy blue scales. (AC +2) [potion of mutation]
  1400 | D:5      | Found an opulent altar of Gozag.
  1424 | D:5      | Reached XP level 8. HP: 44/60 MP: 10/16
  1563 | D:6      | Reached skill level 4 in Fighting
  1592 | D:6      | Learned a level 3 spell: Confuse
  1604 | D:6      | Reached skill level 3 in Short Blades
  1604 | D:6      | Reached skill level 3 in Long Blades
  1604 | D:6      | Reached skill level 3 in Axes
  1604 | D:6      | Reached skill level 3 in Maces & Flails
  1604 | D:6      | Reached skill level 3 in Polearms
  1604 | D:6      | Reached skill level 3 in Staves
  1604 | D:6      | Reached skill level 3 in Slings
  1604 | D:6      | Reached skill level 3 in Bows
  1604 | D:6      | Reached skill level 3 in Crossbows
  1604 | D:6      | Reached skill level 3 in Throwing
  1604 | D:6      | Reached skill level 3 in Armour
  1604 | D:6      | Reached skill level 3 in Stealth
  1604 | D:6      | Reached skill level 3 in Shields
  1604 | D:6      | Reached skill level 3 in Evocations
  1610 | D:6      | Found a hazy altar of Hepliaklqana.
  1613 | D:6      | Found a shimmering altar of Xom.
  1620 | D:6      | Found an ancient bone altar of Kikubaaqudgha.
  1622 | D:6      | Found a stormy altar of Qazlal.
  1702 | D:8      | Reached skill level 6 in Spellcasting
  1979 | D:6      | Found a glowing golden altar of the Shining One.
  2165 | D:6      | Found a staircase to the Ecumenical Temple.
  2202 | Temple   | Entered the Ecumenical Temple
  2222 | Temple   | Became a worshipper of Cheibriados the Contemplative
  2350 | D:8      | Reached skill level 3 in Conjurations
  2350 | D:8      | Reached skill level 3 in Hexes
  2350 | D:8      | Reached skill level 3 in Charms
  2350 | D:8      | Reached skill level 3 in Summonings
  2350 | D:8      | Reached skill level 3 in Necromancy
  2350 | D:8      | Reached skill level 3 in Translocations
  2350 | D:8      | Reached skill level 3 in Fire Magic
  2350 | D:8      | Reached skill level 3 in Ice Magic
  2350 | D:8      | Reached skill level 3 in Air Magic
  2350 | D:8      | Reached skill level 3 in Earth Magic
  2350 | D:8      | Reached skill level 3 in Poison Magic
  2350 | D:8      | Reached skill level 4 in Invocations
  2360 | D:8      | Reached skill level 6 in Dodging
  2360 | D:8      | Reached XP level 9. HP: 27/66 MP: 13/18
  2386 | D:8      | Noticed a two-headed ogre
  2394 | D:8      | Killed a two-headed ogre
  2394 | D:8      | Reached skill level 5 in Fighting
  2394 | D:8      | Reached skill level 4 in Short Blades
  2394 | D:8      | Reached skill level 4 in Long Blades
  2394 | D:8      | Reached skill level 4 in Axes
  2394 | D:8      | Reached skill level 4 in Maces & Flails
  2394 | D:8      | Reached skill level 4 in Polearms
  2394 | D:8      | Reached skill level 4 in Staves
  2394 | D:8      | Reached skill level 4 in Slings
  2394 | D:8      | Reached skill level 4 in Bows
  2394 | D:8      | Reached skill level 4 in Crossbows
  2394 | D:8      | Reached skill level 4 in Throwing
  2394 | D:8      | Reached skill level 4 in Armour
  2394 | D:8      | Reached skill level 4 in Stealth
  2394 | D:8      | Reached skill level 4 in Shields
  2394 | D:8      | Reached skill level 5 in Transmutations
  2394 | D:8      | Reached skill level 4 in Evocations
  2429 | D:8      | Reached skill level 8 in Unarmed Combat
  2495 | D:8      | Found a staircase to the Lair.
  2636 | D:10     | Entered Level 10 of the Dungeon
  2760 | D:9      | Found a shadowy altar of Dithmenos.
  2807 | D:10     | Reached * piety under Cheibriados
  2822 | D:10     | Reached skill level 5 in Invocations
  2909 | D:9      | Found a sparkling altar of Nemelex Xobeh.
  2928 | D:9      | Learned a level 5 spell: Blade Hands
  2946 | D:9      | Reached XP level 10. HP: 30/74 MP: 3/20
  2951 | D:9      | Reached skill level 7 in Spellcasting
  2959 | D:9      | Reached skill level 4 in Conjurations
  2959 | D:9      | Reached skill level 4 in Hexes
  2959 | D:9      | Reached skill level 4 in Charms
  2959 | D:9      | Reached skill level 4 in Summonings
  2959 | D:9      | Reached skill level 4 in Necromancy
  2959 | D:9      | Reached skill level 4 in Translocations
  2959 | D:9      | Reached skill level 4 in Fire Magic
  2959 | D:9      | Reached skill level 4 in Ice Magic
  2959 | D:9      | Reached skill level 4 in Air Magic
  2959 | D:9      | Reached skill level 4 in Earth Magic
  2959 | D:9      | Reached skill level 4 in Poison Magic
  3016 | D:8      | Found an ancient bone altar of Kikubaaqudgha.
  3107 | D:10     | Reached ** piety under Cheibriados
  3220 | D:11     | Noticed a green ugly thing
  3230 | D:11     | Killed a green ugly thing
  3230 | D:11     | Reached skill level 5 in Short Blades
  3230 | D:11     | Reached skill level 5 in Long Blades
  3230 | D:11     | Reached skill level 5 in Axes
  3230 | D:11     | Reached skill level 5 in Maces & Flails
  3230 | D:11     | Reached skill level 5 in Polearms
  3230 | D:11     | Reached skill level 5 in Staves
  3230 | D:11     | Reached skill level 5 in Slings
  3230 | D:11     | Reached skill level 5 in Bows
  3230 | D:11     | Reached skill level 5 in Crossbows
  3230 | D:11     | Reached skill level 5 in Throwing
  3230 | D:11     | Reached skill level 5 in Armour
  3230 | D:11     | Reached skill level 5 in Stealth
  3230 | D:11     | Reached skill level 5 in Shields
  3230 | D:11     | Reached skill level 5 in Evocations
  3349 | D:12     | Reached skill level 7 in Dodging
  3372 | D:12     | Noticed a green ugly thing
  3410 | D:12     | Reached skill level 6 in Fighting
  3482 | D:11     | Found a staircase to the Orcish Mines.
  3490 | D:11     | Reached skill level 6 in Transmutations
  3490 | D:11     | Reached skill level 6 in Invocations
  3516 | D:11     | Killed an unseen horror
  3520 | D:11     | Reached *** piety under Cheibriados
  3520 | D:11     | Reached XP level 11. HP: 45/82 MP: 18/22
  3578 | D:11     | Reached skill level 9 in Unarmed Combat
  3624 | D:11     | Noticed a two-headed ogre
  3624 | D:11     | Noticed a cyan ugly thing
  3626 | D:11     | Gained mutation: Your flesh is heat resistant. (rF+) [evolution]
  3627 | D:11     | Noticed a cyclops
  3633 | D:11     | HP: 5/83 [two-headed ogre/giant club (5)]
  3646 | Orc:1    | Entered Level 1 of the Orcish Mines
  3646 | Orc:1    | Found Barearr's Assorted Antiques.
  3684 | Orc:1    | Noticed Nergalle
  3692 | Orc:1    | Noticed a spectral orc warlord
  3695 | Orc:1    | Killed Nergalle
  3695 | Orc:1    | Reached skill level 6 in Short Blades
  3695 | Orc:1    | Reached skill level 6 in Long Blades
  3695 | Orc:1    | Reached skill level 6 in Axes
  3695 | Orc:1    | Reached skill level 6 in Maces & Flails
  3695 | Orc:1    | Reached skill level 6 in Polearms
  3695 | Orc:1    | Reached skill level 6 in Staves
  3695 | Orc:1    | Reached skill level 6 in Slings
  3695 | Orc:1    | Reached skill level 6 in Bows
  3695 | Orc:1    | Reached skill level 6 in Crossbows
  3695 | Orc:1    | Reached skill level 6 in Throwing
  3695 | Orc:1    | Reached skill level 6 in Armour
  3695 | Orc:1    | Reached skill level 6 in Stealth
  3695 | Orc:1    | Reached skill level 6 in Shields
  3695 | Orc:1    | Reached skill level 5 in Conjurations
  3695 | Orc:1    | Reached skill level 5 in Hexes
  3695 | Orc:1    | Reached skill level 5 in Charms
  3695 | Orc:1    | Reached skill level 5 in Summonings
  3695 | Orc:1    | Reached skill level 5 in Necromancy
  3695 | Orc:1    | Reached skill level 5 in Translocations
  3695 | Orc:1    | Reached skill level 5 in Fire Magic
  3695 | Orc:1    | Reached skill level 5 in Ice Magic
  3695 | Orc:1    | Reached skill level 5 in Air Magic
  3695 | Orc:1    | Reached skill level 5 in Earth Magic
  3695 | Orc:1    | Reached skill level 5 in Poison Magic
  3695 | Orc:1    | Reached skill level 6 in Evocations
  3733 | Orc:2    | Entered Level 2 of the Orcish Mines
  3753 | Orc:2    | Reached **** piety under Cheibriados
  3797 | Orc:1    | Reached skill level 8 in Spellcasting
  3833 | Orc:1    | Bought a viscous yellow potion for 27 gold pieces
  3833 | Orc:1    | Bought a dark potion for 27 gold pieces
  3833 | Orc:1    | Bought a fluorescent wand for 124 gold pieces
  3833 | Orc:1    | Bought a glowing glass wand for 124 gold pieces
  3833 | Orc:1    | Bought a short silver wand for 124 gold pieces
  3899 | Orc:1    | Bought a scroll of identify for 62 gold pieces
  3899 | Orc:1    | Bought a scroll of identify for 62 gold pieces
  3899 | Orc:1    | Bought a scroll of identify for 62 gold pieces
  3977 | Orc:1    | Noticed a two-headed ogre
  3981 | Orc:1    | Noticed an orc knight
  3983 | Orc:1    | Killed a two-headed ogre
  3987 | Orc:1    | Noticed an orc sorcerer
  3993 | Orc:1    | Killed an orc sorcerer
  4019 | Orc:1    | Reached skill level 7 in Invocations
  4102 | Orc:2    | Reached skill level 7 in Fighting
  4102 | Orc:2    | Reached skill level 8 in Dodging
  4129 | Orc:2    | Noticed an ettin
  4148 | Orc:2    | Found Koihe's General Store.
  4148 | Orc:2    | Noticed an orc knight
  4152 | Orc:2    | Mangled by an orc knight

Vault maps used:
D:1:      erik_arrival_blinker_ship
D:3:      cheibrodos_sewer_entry_bend, first_ration, grunt_ministairs_2
D:4:      hex_large, eino_tiny_chamber, fedhas_altar_fruit_tree,
          uniq_blork_the_orc
D:5:      lemuel_round_altar, lemuel_round_altar,
          gammafunk_temple_overflow_arena, kennysheep_little_box,
          okawaru_altar_gauntlet_db, uniq_menkaure
D:6:      nicolae_tso_carved_into_rock, minitemple, minmay_temple_entry_mist,
          palyth_stone_intersect
D:7:      gammafunk_wand_slinger, nicolae_ashenzari_panopticon, serial_shops,
          shop, uniq_pikel
D:8:      lemuel_upstairs_altar, lair_entry_dummy, serial_bayou_pond_c,
          the_bakery, uniq_maurice
D:9:      nemelex_xobeh_ov_fountains_minmay, kennysheep_mini
D:11:     kennysheep_orc_monster_closet_entryway
D:12:     serial_shops, shop, uniq_sonja
Temple:   dpeg_chambers_temple
Orc:1:    nicolae_orc_accident_1, serial_shops, shop, uniq_nergalle
Orc:2:    pubby_orc_utopia, serial_shops
Sewer:    sewer_minmay_treatment

Skill      XL: |  1  2  3  4  5  6  7  8  9 10 11 |
---------------+----------------------------------+-----
Spellcasting   | 5 6 7 8 |  8.2
Invocations    | 1 2 3 4 5 6 7 |  7.0
Short Blades   | 1 2 3 4 5 6 |  6.4
Long Blades    | 1 2 3 4 5 6 |  6.4
Axes           | 1 2 3 4 5 6 |  6.4
Maces & Flails | 1 2 3 4 5 6 |  6.4
Polearms       | 1 2 3 4 5 6 |  6.4
Staves         | 1 2 3 4 5 6 |  6.4
Slings         | 1 2 3 4 5 6 |  6.4
Bows           | 1 2 3 4 5 6 |  6.4
Crossbows      | 1 2 3 4 5 6 |  6.4
Throwing       | 1 2 3 4 5 6 |  6.4
Armour         | 1 2 3 4 5 6 |  6.4
Stealth        | 1 2 3 4 5 6 |  6.4
Shields        | 1 2 3 4 5 6 |  6.4
Evocations     | 1 2 3 4 5 6 |  6.4
Conjurations   | 1 2 3 4 5 |  5.3
Hexes          | 1 2 3 4 5 |  5.3
Charms         | 1 2 3 4 5 |  5.3
Summonings     | 1 2 3 4 5 |  5.3
Necromancy     | 1 2 3 4 5 |  5.3
Translocations | 1 2 3 4 5 |  5.3
Fire Magic     | 1 2 3 4 5 |  5.3
Ice Magic      | 1 2 3 4 5 |  5.3
Air Magic      | 1 2 3 4 5 |  5.3
Earth Magic    | 1 2 3 4 5 |  5.3
Poison Magic   | 1 2 3 4 5 |  5.3
Fighting       | 3 4 5 6 7 |  7.0
Transmutations | 4 5 6 |  6.6
Dodging        | 5 6 7 8 |  8.0
Unarmed Combat | 7 8 9 |  9.2

Action                   |  1- 3 |  4- 6 |  7- 9 | 10-12 || total
-------------------------+-------+-------+-------+-------++-------
Melee: Unarmed           |    43 |   138 |   250 |   252 ||   683
       Headbutt          |     4 |       |       |       ||     4
       Bite              |     1 |       |     2 |    18 ||    21
       Punch             |     1 |       |       |     7 ||     8
       Kick              |     1 |       |       |       ||     1
       Dagger            |       |       |     2 |     2 ||     4
Throw: Tomahawk          |       |       |       |    10 ||    10
 Cast: Beastly Appendage |     6 |       |       |       ||     6
       Sticks to Snakes  |     1 |    12 |    25 |    10 ||    48
       Spider Form       |     1 |    16 |    32 |     9 ||    58
       Confuse           |       |       |     7 |     4 ||    11
       Blade Hands       |       |       |     1 |    20 ||    21
Invok: Bend Time         |       |       |     1 |     2 ||     3
       Slouch            |       |       |       |     2 ||     2
 Abil: End Transformatio |       |       |       |     4 ||     4
Evoke: Wand              |       |       |       |    14 ||    14
  Use: Potion            |     2 |       |     6 |     6 ||    14
       Scroll            |       |     1 |    16 |     7 ||    24
 Stab: Sleeping          |     1 |       |     6 |     2 ||     9
       Distracted        |       |       |     2 |     3 ||     5
       Confused          |       |       |     1 |       ||     1
  Eat: Ration            |     1 |     1 |     1 |       ||     3
       Chunk             |       |       |     3 |     5 ||     8
Armor: Skin              |       |     7 |     5 |     2 ||    14
       Robe              |       |     2 |     2 |     1 ||     5
       Ring mail         |       |       |       |    19 ||    19
       Troll leather arm |       |       |       |    27 ||    27
Dodge: Dodged            |    25 |   152 |   247 |   296 ||   720

Table legend:
 A = Spawn XP
 B = Non-spawn XP
 C = Spawn XP percentage of total XP
 D = Spawn monster count
 E = Non-spawn monster count
 F = Spawn count percentage of total count
 G = Total turns spent on level
                    A         B        C        D         E        F      G
               +---------+---------+-------+---------+---------+-------+---------
         Total |       0 |   15546 |   0.0 |       0 |     309 |   0.0 |  4152
               +---------+---------+-------+---------+---------+-------+---------
           D:1 |       0 |       4 |   0.0 |       0 |       3 |   0.0 |    66
           D:2 |       0 |      20 |   0.0 |       0 |       3 |   0.0 |   105
           D:3 |       0 |     197 |   0.0 |       0 |      34 |   0.0 |   466
           D:4 |       0 |     237 |   0.0 |       0 |       8 |   0.0 |   183
           D:5 |       0 |     259 |   0.0 |       0 |      13 |   0.0 |   339
           D:6 |       0 |     492 |   0.0 |       0 |      22 |   0.0 |   591
           D:7 |       0 |     123 |   0.0 |       0 |       5 |   0.0 |   140
           D:8 |       0 |    2059 |   0.0 |       0 |      16 |   0.0 |   329
           D:9 |       0 |    1144 |   0.0 |       0 |      21 |   0.0 |   430
          D:10 |       0 |     297 |   0.0 |       0 |      16 |   0.0 |   162
          D:11 |       0 |    4067 |   0.0 |       0 |      36 |   0.0 |   295
          D:12 |       0 |    1532 |   0.0 |       0 |       7 |   0.0 |   133
         Orc:1 |       0 |    3700 |   0.0 |       0 |      41 |   0.0 |   380
         Orc:2 |       0 |     869 |   0.0 |       0 |      36 |   0.0 |   126
         Sewer |       0 |     546 |   0.0 |       0 |      48 |   0.0 |   368
               +---------+---------+-------+---------+---------+-------+---------

Table legend:
 A = Turns spent in this place as a percentage of turns spent in the entire game.
 B = Non-inter-level travel turns spent in this place as a percentage of non-inter-level travel turns spent in the entire game.
 C = Inter-level travel turns spent in this place as a percentage of turns spent in this place.
 D = Turns resting spent in this place as a percentage of non-inter-level travel turns spent in this place.
 E = Turns spent auto-exploring this place as a percentage of non-inter-level travel turns spent in this place.
 F = Non-inter-level travel turns spent in this place divided by the number of levels of this place that you've seen.
                   A       B       C       D       E      F
               +-------+-------+-------+-------+-------+----------------------
         Total | 100.0 | 100.0 |   2.8 |   0.0 |   0.0 | 252.3
       Dungeon |  78.0 |  77.8 |   3.1 |   0.0 |   0.0 | 261.6
        Temple |   0.9 |   1.0 |   0.0 |   0.0 |   0.0 |  39.0
  Orcish Mines |  12.2 |  12.2 |   3.0 |   0.0 |   0.0 | 245.5
         Sewer |   8.9 |   9.1 |   0.0 |   0.0 |   0.0 | 368.0
               +-------+-------+-------+-------+-------+----------------------

Table legend:
 A = Kills in this place as a percentage of kills in entire the game.
 B = Kills by you in this place as a percentage of kills by you in the entire game.
 C = Kills by friends in this place as a percentage of kills by friends in the entire game.
 D = Other kills in this place as a percentage of other kills in the entire game.
 E = Experience gained in this place as a percentage of experience gained in the entire game.
 F = Experience gained in this place divided by the number of levels of this place that you have seen.
                   A       B       C       D       E      F
               +-------+-------+-------+-------+-------+----------------------
         Total | 100.0 | 100.0 | 100.0 | 100.0 | 100.0 | 971.6
       Dungeon |  59.5 |  63.0 |  23.1 |  50.0 |  67.1 | 869.2
  Orcish Mines |  24.9 |  22.4 |  50.0 |  50.0 |  29.4 | 2284.5
         Sewer |  15.5 |  14.6 |  26.9 |   0.0 |   3.5 | 546.0
               +-------+-------+-------+-------+-------+----------------------

Vault maps used:
D:1:      erik_arrival_blinker_ship
D:3:      cheibrodos_sewer_entry_bend, first_ration, grunt_ministairs_2
D:4:      hex_large, eino_tiny_chamber, fedhas_altar_fruit_tree,
          uniq_blork_the_orc
D:5:      lemuel_round_altar, lemuel_round_altar,
          gammafunk_temple_overflow_arena, kennysheep_little_box,
          okawaru_altar_gauntlet_db, uniq_menkaure
D:6:      nicolae_tso_carved_into_rock, minitemple, minmay_temple_entry_mist,
          palyth_stone_intersect
D:7:      gammafunk_wand_slinger, nicolae_ashenzari_panopticon, serial_shops,
          shop, uniq_pikel
D:8:      lemuel_upstairs_altar, lair_entry_dummy, serial_bayou_pond_c,
          the_bakery, uniq_maurice
D:9:      nemelex_xobeh_ov_fountains_minmay, kennysheep_mini
D:11:     kennysheep_orc_monster_closet_entryway
D:12:     serial_shops, shop, uniq_sonja
Temple:   dpeg_chambers_temple
Orc:1:    nicolae_orc_accident_1, serial_shops, shop, uniq_nergalle
Orc:2:    pubby_orc_utopia, serial_shops
Sewer:    sewer_minmay_treatment
